 Dungeon Crawl Stone Soup version 0.24-a0-584-g9d6b971ae4 (webtiles) character file.

Game seed: 14791351960310696049, levelgen mode: deterministic

173 MenacingMecha the Sneak (level 5, -5/35 HPs)
             Began as an Octopode Assassin on Sept 4, 2019.
             Was a Believer of Uskayaw.
             Slain by an orc
             ... wielding a +0 club
              (7 damage)
             ... on level 4 of the Dungeon.
             The game lasted 00:06:17 (2594 turns).

MenacingMecha the Sneak (Octopode Assassin)         Turns: 2594, Time: 00:06:17

Health: -5/35      AC:  1    Str: 10    XL:     5   Next: 53%
Magic:  5/5        EV: 14    Int: 14    God:    Uskayaw [**....]
Gold:   145        SH:  0    Dex: 14    Spells: 4/4 levels left

rFire    . . .     SeeInvis .   a - +2 dagger
rCold    . . .     Gourm    .   (no shield)
rNeg     . . .     Faith    .   (helmet restricted)
rPois    .         Spirit   .   h - amulet of inaccuracy (curse)
rElec    .         Reflect  .   (no ring)
rCorr    .         Harm     .   (no ring)
MR       .....                  (no ring)
Stlth    ++++......             (no ring)
HPRegen  0.11/turn              (no ring)
MPRegen  0.09/turn              (no ring)
                                (no ring)
                                (no ring)

@: no status effects
A: almost no armour, stealthy swim, amphibious, 8 rings, constrict 8, camouflage
1, gelatinous body 1
a: Stomp, Line Pass, Renounce Religion


You were on level 4 of the Dungeon.
You worshipped Uskayaw.
Uskayaw was noncommittal.
You were not hungry.

You visited 1 branch of the dungeon, and saw 4 of its levels.

You collected 145 gold pieces.

Inventory:

Hand Weapons
 a - a +2 dagger (weapon)
Missiles
 b - 43 poisoned darts
 c - 2 curare-tipped darts
 n - 53 stones (quivered)
Jewellery
 h - a cursed amulet of inaccuracy (around mantle)
   (You found it on level 1 of the Dungeon)
 j - an uncursed ring of ice {unknown}
   (You found it on level 1 of the Dungeon)
 t - an uncursed amulet of the acrobat {unknown}
   (You found it on level 3 of the Dungeon)
 v - a +5 ring of strength {unknown}
   (You found it on level 3 of the Dungeon)
Scrolls
 e - 3 scrolls of identify {unknown}
 g - 4 scrolls of teleportation {unknown}
 l - 2 scrolls of enchant armour {unknown}
 m - 2 scrolls of amnesia {unknown}
 p - 2 scrolls of remove curse {unknown}
 q - a scroll of blinking {unknown}
 r - a scroll of random uselessness {unknown}
 u - a scroll of fog {unknown}
Potions
 f - a potion of mutation {unknown}
 i - a potion of heal wounds {unknown}
 k - 2 potions of curing
 o - a potion of might {unknown}
 s - 2 potions of resistance {unknown}
 w - a potion of flight {unknown}
Comestibles
 d - 10 rations
 x - a chunk of flesh


   Skills:
 - Level 2.4 Fighting
 + Level 3.3 Short Blades
 - Level 2.4 Throwing
 + Level 2.8 Dodging
 + Level 6.6 Stealth


You had 4 spell levels left.
You didn't know any spells.
Your spell library was empty.

Dungeon Overview and Level Annotations

Branches:
Dungeon (4/15)
 Temple: D:4-7

Altars:
Uskayaw

Annotations:
D:3 exclusion: Grinder, Grinder


Innate Abilities, Weirdness & Mutations

You cannot wear most types of armour.
You are very stealthy in the water. (Stealth+)
You are amphibious.
You can wear up to eight rings at the same time.
You can use your tentacles to constrict eight enemies at once.
Your skin changes colour to match your surroundings (Stealth+).
Your rubbery body absorbs attacks. (AC +1, EV +1)


Message History

Uskayaw welcomes you!
v - an encrusted copper ring
k - 2 potions of curing (gained 1)
You are feeling hungry.
b - 43 poisoned darts (gained 21)
You now have 121 gold pieces (gained 8).
n - 53 stones (gained 14)
You now have 133 gold pieces (gained 12).
Found a stone staircase leading down.
w - a sedimented emerald potion
There is a stone staircase leading down here.
A frilled lizard comes into view.
A frilled lizard is nearby!
The helpless frilled lizard fails to defend itself.
You impale the frilled lizard!!
You kill the frilled lizard!
You see here a frilled lizard corpse.
You see here a frilled lizard corpse.
You butcher the frilled lizard corpse.
x - a chunk of flesh You see here a frilled lizard skeleton.
Eating a chunk of flesh.
You eat the chunk of flesh.
This raw flesh tastes terrible.
Okay, then.
There is a stone staircase leading down here.
Partly explored, can't reach some places.
There is a stone staircase leading down here.
You climb downwards.
A worker ant comes into view.
There is a stone staircase leading up here.
The helpless worker ant fails to defend itself.
You impale the worker ant!!
You kill the worker ant!
You have reached level 5!
You feel clever.
You can now stomp with the beat.
Found a runed cloak.
Found a stone staircase leading up.
An adder comes into view.
You see here 12 gold pieces.
You now have 145 gold pieces (gained 12).
The helpless adder fails to defend itself.
You skewer the adder like a kebab!!!
You kill the adder!
You see here an adder corpse.
You see here an adder corpse.
You butcher the adder corpse.
x - a chunk of flesh You see here an adder skeleton.
e - 3 scrolls labeled JEPEAP ROISK (gained 1)
You see here a chain mail.
An orc comes into view. It is wielding a +0 club.
An orc wizard comes into view. It is wielding a +0 dagger.
The orc wizard moves out of view.
An orc priest comes into view. It is wielding a +0 dagger.
An orc comes into view. It is wielding a +0 trident.
Found an escape hatch in the floor.
The orc wizard shouts!
The orc shouts! x2
The orc wizard hits you but does no damage.
The orc priest shouts!
The orc priest barely misses you.
You miss the orc priest. Your grab misses the orc priest.
Your squeeze misses the orc priest.
The orc wizard mumbles some strange words.
The orc wizard blinks!
You completely miss the orc priest. Your grab misses the orc priest.
The orc priest barely misses you.
You hit the orc priest. You grab the orc priest.
The orc priest is lightly wounded.
You constrict the orc priest.
The orc wizard points at you and mumbles some strange words.
The magic dart hits you!
The orc priest hits you with a +0 dagger.
You hit the orc priest.
The orc priest is moderately wounded.
You constrict the orc priest.
The orc wizard hits you but does no damage.
You hit the orc priest.
The orc priest is heavily wounded.
You constrict the orc priest, but do no damage.
The orc priest completely misses you. The orc barely misses you.
The orc hits you with a +0 club.
You hit the orc. Your grab misses the orc.
The orc is moderately wounded.
You constrict the orc priest.
The orc wizard points at you and mumbles some strange words.
The magic dart hits you!
The orc priest hits you with a +0 dagger.
You can now pass through a line of other dancers.
You hit the orc priest.
The orc priest is almost dead.
You constrict the orc priest.
You kill the orc priest!
The orc hits you from afar with a +0 trident!
* * * LOW HITPOINT WARNING * * *
The orc completely misses you.
The orc wizard hits you with a +0 dagger.
* * * LOW HITPOINT WARNING * * *
You hit the orc wizard. Your grab misses the orc wizard.
The orc wizard is moderately wounded.
The orc misses you. The orc hits you with a +0 club!
You die...

### ### #.. ..# #.# #.#
## #.# #.# ..
#.########o#.#####
######.##.....o@.o.....
#......[..#####)#.#####
##.####.##.#####..#.#
##.#.###.##.......## .#
#.###.##.##..## #>. #
.## ##...[..<# #.#
#.###.##.##..####.#
##.#.###..........#
###.## ####..#####


You could see an orc wizard and 2 orcs.

Vanquished Creatures
  An orc priest (D:4)
  A worker ant (D:4)
  6 adders
  2 oozes
  3 worms
  A dart slug (D:2)
  A leopard gecko (D:3)
  2 ball pythons
  2 giant cockroaches
  5 goblins
  2 hobgoblins
  4 jackals (D:2)
  5 kobolds
  A quokka (D:3)
  4 bats
  5 frilled lizards
  8 rats
53 creatures vanquished.

Notes
Turn   | Place    | Note
-------+----------+-------------------------------------------
     0 | D:1      | MenacingMecha the Octopode Assassin began the quest for the
                  | Orb.
     0 | D:1      | Reached XP level 1. HP: 14/14 MP: 1/1
   259 | D:1      | Reached XP level 2. HP: 17/19 MP: 2/2
   556 | D:2      | HP: 4/19 [adder (1)]
   559 | D:2      | HP: 1/19 [poisoned by an adder]
   704 | D:2      | Reached XP level 3. HP: 9/25 MP: 3/3
   713 | D:2      | HP: 2/25 [worm (8)]
   727 | D:2      | HP: 2/25 [rat (1)]
  1469 | D:2      | Reached XP level 4. HP: 30/30 MP: 4/4
  1533 | D:2      | Reached skill level 2 in Dodging
  1562 | D:2      | Reached skill level 6 in Stealth
  1981 | D:3      | Noticed Grinder
  2242 | D:3      | Found a hide-covered altar of Uskayaw.
  2242 | D:3      | Noticed a +0 dagger
  2242 | D:3      | Noticed a +0 dagger
  2266 | D:3      | Reached skill level 3 in Short Blades
  2298 | D:3      | Became a worshipper of Uskayaw the Reveler
  2515 | D:4      | Reached XP level 5. HP: 35/35 MP: 5/5
  2515 | D:4      | Reached * piety under Uskayaw
  2592 | D:4      | Reached ** piety under Uskayaw
  2593 | D:4      | HP: 3/35 [orc/+0 trident (9)]
  2594 | D:4      | Slain by an orc

Levels and vault maps discovered:
D:1:      tarquinn_simple_flora_water_c, layout_rooms
D:2:      layout_loops_cross, first_ration
D:3:      layout_rooms, dancing_weapons_uskayaw, uniq_grinder
D:4:      layout_loops_ring, minmay_temple_entry_statues,
          ebering_ghost_reflecting_pool

Skill      XL: |  1  2  3  4 |
---------------+-------------+-----
Dodging        | 2 |  2.8
Stealth        | 6 |  6.6
Short Blades   | 3 |  3.3
Fighting       | |  2.4
Throwing       | |  2.4

Action                   |  1- 3 |  4- 6 || total
-------------------------+-------+-------++-------
Melee: Dagger            |    73 |    56 ||   129
       Constrict         |    14 |     6 ||    20
       Tentacles         |     9 |     6 ||    15
Throw: Dart              |     9 |     6 ||    15
  Use: Potion            |     1 |       ||     1
 Stab: Sleeping          |     9 |     7 ||    16
  Eat: Chunk             |     2 |     3 ||     5
Armor: Skin              |     3 |     3 ||     6
Dodge: Dodged            |    45 |    33 ||    78

Table legend:
 A = Non-vault XP
 B = Vault XP
 C = Vault XP percentage of total XP
 D = Non-vault monster count
 E = Vault monster count
 F = Vault count percentage of total count
                 A         B        C        D         E       F
            +---------+---------+-------+---------+---------+-------
      Total |     248 |       0 |   0.0 |      53 |       0 |   0.0
            +---------+---------+-------+---------+---------+-------
        D:1 |      12 |       0 |   0.0 |       8 |       0 |   0.0
        D:2 |      93 |       0 |   0.0 |      28 |       0 |   0.0
        D:3 |      55 |       0 |   0.0 |      14 |       0 |   0.0
        D:4 |      88 |       0 |   0.0 |       3 |       0 |   0.0
            +---------+---------+-------+---------+---------+-------

Levels and vault maps discovered:
D:1:      tarquinn_simple_flora_water_c, layout_rooms
D:2:      layout_loops_cross, first_ration
D:3:      layout_rooms, dancing_weapons_uskayaw, uniq_grinder
D:4:      layout_loops_ring, minmay_temple_entry_statues,
          ebering_ghost_reflecting_pool

Table legend:
 A = Turns spent in this place as a percentage of turns spent in the entire game.
 B = Non-inter-level travel turns spent in this place as a percentage of non-inter-level travel turns spent in the entire game.
 C = Inter-level travel turns spent in this place as a percentage of turns spent in this place.
 D = Turns resting spent in this place as a percentage of non-inter-level travel turns spent in this place.
 E = Turns spent auto-exploring this place as a percentage of non-inter-level travel turns spent in this place.
 F = Non-inter-level travel turns spent in this place divided by the number of levels of this place that you've seen.
                   A       B       C       D       E      F
               +-------+-------+-------+-------+-------+----------------------
         Total | 100.0 | 100.0 |   2.5 |  34.7 |  42.2 | 632.0
       Dungeon | 100.0 | 100.0 |   2.5 |  34.7 |  42.2 | 632.0
               +-------+-------+-------+-------+-------+----------------------

Table legend:
 A = Kills in this place as a percentage of kills in entire the game.
 B = Kills by you in this place as a percentage of kills by you in the entire game.
 C = Kills by friends in this place as a percentage of kills by friends in the entire game.
 D = Other kills in this place as a percentage of other kills in the entire game.
 E = Experience gained in this place as a percentage of experience gained in the entire game.
 F = Experience gained in this place divided by the number of levels of this place that you have seen.
                   A       B       C       D       E      F
               +-------+-------+-------+-------+-------+----------------------
         Total | 100.0 | 100.0 |   N/A |   N/A | 100.0 |  62.0
       Dungeon | 100.0 | 100.0 |   N/A |   N/A | 100.0 |  62.0
               +-------+-------+-------+-------+-------+----------------------
